[Event "1st Bangalore GM-Open-A 2024"]
[Site "Bangalore"]
[Date "2024.01.21"]
[Round "6.4"]
[White "Deepan Chakkravarthy J."]
[Black "Short, Nigel D"]
[Result "0-1"]
[ECO "C96"]
[WhiteElo "2422"]
[BlackElo "2592"]
[Annotator "TA"]
[PlyCount "80"]
[EventDate "2024.01.20"]
[EventType "swiss"]
[EventCountry "IND"]
[SourceTitle "playchess.com"]
[Source "ChessBase"]
[SourceQuality "1"]
[TimeControl "5400+30"]

1. e4 e5 2. Nf3 Nc6 3. Bb5 a6 4. Ba4 Nf6 5. O-O Be7 6. Re1 b5 7. Bb3 d6 8. c3 O-O 9. h3 Na5 10. Bc2 c5 11. d4 Nd7 12. Nbd2 cxd4 13. cxd4 Nc6 14. Nf1 Nxd4 15. Nxd4 exd4 16. Qxd4 Ne5 17. Qd1 {[%emt 0:02:25] [#]} (17. f4 $5 Nc6 18. Qe3 $11) 17... Bh4 $146 {[%emt 0:07:59] C96: Closed Ruy Lopez: Chigorin Defence: 11 d4, replies other than 11...Qc7.} ({Predecessor:} 17... Bb7 18. Ne3 Rc8 19. Nf5 Bf6 20. Rb1 d5 21. Bf4 dxe4 22. Bxe4 Bxe4 23. Rxe4 Rc4 24. Rxc4 Nxc4 25. Qg4 {½-½ Galperin,P (2461)-Klekowski,M (2510) Titled Tuesday intern op 10th Nov blitz 2020 (7)}) 18. Be3 Re8 19. Bb3 Be6 {[%emt 0:04:43] The position is equal.} 20. Bxe6 Rxe6 21. Rc1 Qd7 22. Bd4 (22. Qd5 $14 Rae8 23. b3) 22... Rae8 $11 23. Rc2 Ng6 24. Qg4 Qe7 25. Rce2 (25. Nd2 $11) 25... h5 26. Qf5 (26. Qxh5 $2 {too greedy.} Nf4 27. Qg4 Nxe2+ 28. Rxe2 Bf6 29. Bxf6 Qxf6 $19) (26. Qf3 $11 {deserves consideration.}) 26... Bf6 $15 27. Bxf6 Rxf6 28. Qg5 Nf4 $36 {[%emt 0:08:52][%cal Of4h3][%mdl 2048] [#] ...Nxh3+! would be deadly. White is under strong pressure.} 29. Re3 Qe5 30. Qxe5 dxe5 31. Rc3 {[%emt 0:00:21] Prevents Rc8} Rg6 32. Rg3 Rc6 33. Ra3 Rd8 34. h4 Rc2 35. Rxa6 (35. Rb1 $17) 35... Rxb2 $19 36. Ra3 Ne2+ 37. Kh2 Nd4 {[%emt 0:00:09] Prevents Rb3.} 38. Kg1 Nc2 {[%emt 0:02:46] Prevents Ne3. Black is much more active.} (38... b4 $142 39. Ra5 Ne2+ 40. Kh2 Nc3) 39. Re2 $17 Rd1 {[%emt 0:00:06][%cal Od1f1] White must now prevent ...Rxf1+!} 40. Rc3 $2 {[%emt 0:03:00][%mdl 8192] [#]} (40. Ra8+ $17 Kh7 41. Rd2 Rxd2 42. Nxd2) 40... Rxf1+ $1 {[%emt 0:00:06][%mdl 576] Back Rank.   Weighted Error Value: White=0.36/Black=0.11 (very precise)} 0-1

[Event "1st Bangalore GM-Open-A 2024"]
[Site "Bangalore"]
[Date "2024.01.21"]
[Round "6.5"]
[White "Viani Antonio Dcunha"]
[Black "Aronyak Ghosh"]
[Result "1/2-1/2"]
[ECO "B12"]
[WhiteElo "2407"]
[BlackElo "2541"]
[Annotator "TA"]
[PlyCount "51"]
[EventDate "2024.01.20"]
[EventType "swiss"]
[EventCountry "IND"]
[SourceTitle "playchess.com"]
[Source "ChessBase"]
[SourceQuality "1"]
[TimeControl "5400+30"]

1. e4 c6 2. d4 d5 3. e5 Bf5 4. h4 h5 5. Bd3 Bxd3 {[%emt 0:00:45] The position is equal.} 6. Qxd3 Qa5+ 7. Nd2 {[%emt 0:00:39][%cal Oe5e6] aiming for e6!} e6 8. Ngf3 Nh6 9. O-O Nf5 10. a4 Nd7 11. Nb3 Qa6 12. Qd1 Be7 13. g3 Rc8 14. Kg2 g6 15. Bf4 b6 16. a5 Qb5 17. axb6 axb6 18. Qd3 Qxd3 19. cxd3 O-O 20. Ra7 Rfd8 21. Rfa1 Kf8 22. Rb7 Rb8 23. Rc7 Rbc8 24. Rb7 Rb8 25. Rc7 Rbc8 26. Rb7 {[%emt 0:00:20] An uneventful encounter.   Weighted Error Value: White=0.01 (flawless) /Black=0.01 (flawless)} 1/2-1/2

[Event "1st Bangalore GM-Open-A 2024"]
[Site "Bangalore"]
[Date "2024.01.21"]
[Round "6.6"]
[White "Panda Sambit"]
[Black "Iniyan, Pa"]
[Result "0-1"]
[ECO "D38"]
[WhiteElo "2404"]
[BlackElo "2515"]
[Annotator "TA"]
[PlyCount "72"]
[EventDate "2024.01.20"]
[EventType "swiss"]
[EventCountry "IND"]
[SourceTitle "playchess.com"]
[Source "ChessBase"]
[SourceQuality "1"]
[TimeControl "5400+30"]

1. d4 Nf6 2. c4 e6 3. Nf3 d5 4. Nc3 Bb4 5. Qa4+ Nc6 6. e3 O-O 7. Bd2 dxc4 8. Bxc4 Bd6 9. Qc2 a6 {[%emt 0:04:13] The position is equal.} 10. e4 {[%emt 0:18:37] Hoping for e5.} Bb4 11. Qd3 b5 12. Bb3 {[%emt 0:02:16] [#]} e5 $1 13. d5 Bg4 14. O-O Bxf3 15. gxf3 Nd4 16. f4 Nd7 {[%emt 0:03:33] Excellent horsemanship.} (16... Nxb3 $15 {feels stronger.} 17. axb3 exf4) 17. Bd1 $1 $11 Qf6 (17... c5 $5 ) 18. Kh1 (18. Qh3 $11 Rad8 19. a3) 18... exf4 $15 19. Nxb5 {[%emt 0:06:20][%mdl 64] Discovered Attack} Bc5 (19... Ne5 $15 20. Qh3 (20. Qxd4 Bxd2 21. Nxc7 f3 $15) 20... Bxd2 21. Nxd4 Qb6) 20. Nxd4 $11 ({Of course not} 20. Nxc7 Rac8 21. d6 (21. Nxa6 $2 {is the wrong capture.} Ne5 $19 {[%mdl 64] Deflection}) 21... f3 $15) 20... Bxd4 21. Qf3 (21. Rc1 $11) 21... Bxb2 $15 22. Rb1 Be5 23. Rg1 Rab8 $36 {[%emt 0:02:55][%mdl 2048] Black is in control.} 24. Bb3 g6 25. Rg4 h5 (25... Rb5 $17 {Strongly threatening ...Nc5.} 26. Rc1 Nc5) 26. Rg2 Kh7 27. Rbg1 Qh4 28. Rg5 Bd6 29. Bc3 {[%emt 0:03:23] aiming for e5.} Rbe8 30. Ba4 (30. R5g2 $17) 30... Ne5 $19 31. Qg2 {[%emt 0:00:47] [#]} (31. Rxe5 Rxe5 32. Bxe5 Bxe5 33. Rg2) 31... Nd3 $1 {[%emt 0:03:00] Black is clearly winning.} 32. Rxg6 (32. Rxh5+ Qxh5) 32... Nxf2+ 33. Qxf2 Qxf2 34. R6g2 Qf3 {[%emt 0:00:53][%cal Od6c5] ( -> ...Bc5!)} 35. Bg7 {[%emt 0:00:31] Wards off Bc5} Rg8 36. Bd1 {[%emt 0:00:28] [#]} Qxg2+ $3 {[%emt 0:00:10] Excellently played by Iniyan!   Weighted Error Value: White=1.13/Black=0.10 (very precise)} 0-1

[Event "1st Bangalore GM-Open-A 2024"]
[Site "Bangalore"]
[Date "2024.01.21"]
[Round "6.7"]
[White "Audi Ameya"]
[Black "Fedorov, Alexei"]
[Result "1/2-1/2"]
[ECO "B30"]
[WhiteElo "2385"]
[BlackElo "2457"]
[Annotator "RC"]
[PlyCount "171"]
[EventDate "2024.01.20"]
[EventType "swiss"]
[EventCountry "IND"]
[SourceTitle "playchess.com"]
[Source "ChessBase"]
[SourceQuality "1"]
[TimeControl "5400+30"]

1. e4 c5 2. Nf3 Nc6 3. Bb5 e6 4. O-O Nge7 5. Re1 a6 6. Bf1 b6 7. c3 d5 8. d3 dxe4 9. dxe4 Qxd1 10. Rxd1 Ng6 11. Nbd2 Bb7 12. Nc4 b5 13. Nd6+ Bxd6 14. Rxd6 Ke7 15. Rd1 Nce5 16. Nxe5 Nxe5 17. Be3 Rhc8 18. f3 c4 19. Bb6 a5 20. Rd2 Nd7 21. Be3 a4 22. Rad1 Rc7 23. a3 f6 24. h4 h5 25. Kf2 Ne5 26. g3 Rac8 27. Bf4 Bc6 28. Ke3 Rd7 29. Bxe5 fxe5 30. Rxd7+ Bxd7 31. f4 Rc5 32. Be2 g6 33. fxe5 Rxe5 34. Kf4 Rc5 35. e5 Rc8 36. Rf1 Bc6 37. Ke3 Be8 38. Bf3 Bc6 39. Bxc6 Rxc6 40. Rf6 Rc5 41. Kf4 Rd5 42. Rxg6 Rd2 43. Rh6 Rxb2 44. Rxh5 Rb3 45. Rh7+ Kf8 46. h5 Rxc3 47. h6 Rxa3 48. Rc7 Kg8 49. g4 Rh3 50. Kg5 a3 51. Kg6 Kf8 52. h7 b4 53. g5 Ke8 54. Kf6 a2 55. Kxe6 Kd8 56. Ra7 Rxh7 57. Rxa2 b3 58. Ra8+ Kc7 59. Ra7+ Kc6 60. Rxh7 b2 61. Rh1 c3 62. Rb1 c2 63. Rxb2 c1=Q 64. Rg2 Qc4+ 65. Ke7 Qe4 66. Rg1 Qxe5+ 67. Kf7 Qd5+ 68. Kg6 Qe6+ 69. Kg7 Qe3 70. Rg4 Kd6 71. g6 Ke7 72. Ra4 Qc3+ 73. Kh7 Qh3+ 74. Kg7 Qd3 75. Ra7+ Ke6 76. Rf7 Qd4+ 77. Kg8 Qd8+ 78. Rf8 Qd5 79. g7 Ke7+ 80. Kh7 Qh5+ 81. Kg8 Qg6 82. Kh8 Qh6+ 83. Kg8 Qh5 84. Rf1 Qd5+ 85. Kh8 Qh5+ 86. Kg8 1/2-1/2

[Event "1st Bangalore GM-Open-A 2024"]
[Site "Bangalore"]
[Date "2024.01.21"]
[Round "6.8"]
[White "Dere Pushkar"]
[Black "Ilamparthi A R"]
[Result "0-1"]
[ECO "C41"]
[WhiteElo "2191"]
[BlackElo "2426"]
[Annotator "ChessBase"]
[PlyCount "84"]
[EventDate "2024.01.20"]
[EventType "swiss"]
[EventCountry "IND"]
[SourceTitle "playchess.com"]
[Source "ChessBase"]
[SourceQuality "1"]
[TimeControl "5400+30"]

1. e4 d6 2. d4 Nf6 3. Nc3 e5 4. Nf3 Nbd7 5. Bc4 Be7 6. a4 O-O 7. O-O c6 8. a5 h6 9. h3 Re8 10. Be3 Bf8 11. d5 cxd5 12. Bxd5 Nxd5 13. Nxd5 Nf6 14. Nxf6+ Qxf6 15. Kh2 Qg6 16. Nd2 f5 17. f3 Be6 18. c4 Qf7 19. b3 f4 20. Bf2 g5 21. Nb1 Qg6 22. Nc3 Re7 23. a6 b6 24. Nd5 Rf7 25. Bxb6 axb6 26. Nxb6 Raa7 27. b4 h5 28. b5 g4 29. Rg1 Rg7 30. Ra2 Qg5 31. Nd5 Qh4 32. Qf1 Rg6 33. g3 fxg3+ 34. Rxg3 Bxd5 35. cxd5 Bh6 36. b6 Rag7 37. a7 Bf4 38. a8=Q+ Kh7 39. b7 Qxg3+ 40. Kh1 gxh3 41. Qa7 h2 42. Ra1 Qh4 0-1

[Event "1st Bangalore GM-Open-A 2024"]
[Site "Bangalore"]
[Date "2024.01.21"]
[Round "6.9"]
[White "Sankalp Gupta"]
[Black "Nithin Babu"]
[Result "1/2-1/2"]
[ECO "E71"]
[WhiteElo "2535"]
[BlackElo "2177"]
[Annotator "TA"]
[PlyCount "240"]
[EventDate "2024.01.20"]
[EventType "swiss"]
[EventCountry "IND"]
[SourceTitle "playchess.com"]
[Source "ChessBase"]
[SourceQuality "1"]
[TimeControl "5400+30"]

1. d4 Nf6 2. c4 g6 3. Nc3 Bg7 4. e4 d6 5. h3 O-O 6. Be3 e5 7. d5 Na6 8. g4 Nc5 9. f3 a5 10. Qd2 c6 11. Nge2 a4 12. Ng3 h5 13. Bg5 h4 14. Bxh4 (14. Nge2 {simplifies} b5 15. cxb5 cxd5 16. Nxd5 Ne6 17. Bxh4 Nxe4 18. Bxd8 Nxd2 19. Be7) 14... Nfxe4 15. Bxd8 Nxd2 16. Be7 $1 Nxf3+ 17. Kf2 a3 18. Bxd6 (18. Kxf3 axb2 19. Rb1 Ra3 $15) (18. b4 $5 e4 19. Bxf8 Kxf8 20. bxc5 Bxc3 21. Rd1 cxd5 22. cxd6 $14 (22. cxd5 f5 $14)) 18... axb2 19. Rd1 (19. Rb1 $11 Nd2 20. Rxb2 Nxf1 21. Kxf1 (21. Bxc5 Nxg3 22. Kxg3 e4 $15)) 19... b6 $1 $15 (19... Ra3 20. Bxf8 (20. Bxc5 Rxc3 21. Ne4 Rc1 $11) (20. Nb1 Ng5 $11) 20... Kxf8 21. Nb1 Rxa2 22. Kxf3 $16) 20. Bg2 (20. Kxf3 Ra3 21. Nge4 cxd5 22. cxd5 f5 $17) ({Better is} 20. dxc6 $15 Re8 21. Kxf3 (21. Bxc5 bxc5 22. Kxf3 Ra3 $15)) 20... Nd4 (20... cxd5 $1 $19 {[%cal Oe5e4] And now ...e4! would win.} 21. Bxf8 (21. Kxf3 $2 e4+ {[%mdl 64] Discovered Attack} 22. Ngxe4 dxe4+ 23. Nxe4 Bb7 $19) 21... Kxf8 22. Bxf3 e4 {[%mdl 64] Discovered Attack} 23. Ngxe4 dxe4 24. Bxe4 Rb8 25. Rd8+ Ke7 26. Rxc8 Nxe4+ 27. Nxe4 Rxc8) 21. Bxf8 (21. dxc6 $15 Ra3 22. Bxf8 Kxf8 23. Nge2) 21... Kxf8 $17 (21... Bxf8 22. dxc6 Be7 23. Nge2) 22. dxc6 Ra3 23. Nb1 Rxa2 24. Ne2 Be6 (24... f5 $17 25. Rhf1 Ke8 26. gxf5 Bxf5) 25. Nec3 (25. Bd5 $15) 25... Ra8 $17 26. Nd5 (26. Bd5 $17) 26... Rb8 (26... Nxc6 27. Nxb6 Rb8 28. Bxc6 $17) (26... Rc8 $19 27. Nxb6 Rb8 28. Nd7+ Nxd7 29. cxd7 Bxd7) 27. Rhe1 (27. c7 $17 {was called for.} Rc8 28. Nbc3) 27... Nxc6 $19 28. Re2 (28. Nc7 $142 Nd4 29. Nxe6+ Ndxe6 30. Bd5) 28... e4 $19 29. Bxe4 Ne5 30. Bc2 Nxc4 31. Nc7 Ne5 32. Nxe6+ Nxe6 33. Bb3 Nc5 34. Bc2 Nc6 (34... Rc8 $142 35. Kg3 Nc6) 35. Red2 Nb4 (35... Bf6 $17 {Threatens to win with ...Nb4.} 36. Rd6 Bh4+ 37. Kg2 Nb4) 36. Rd8+ $1 $11 Rxd8 37. Rxd8+ Ke7 38. Rd2 b5 39. Ke1 Nc6 40. Kd1 b4 41. Bd3 (41. h4 $11) 41... Bc3 $17 42. Re2+ Kf6 (42... Kd6 $17 43. Bc2 Bg7) 43. Bc4 $11 Ne5 44. Bd5 Ncd3 45. Be4 Nf4 46. Rh2 $2 {[%emt 0:00:40] [#]} (46. Rf2 $1 $11 Kg5 47. Nxc3 bxc3 48. Kc2) 46... Kg5 $2 (46... Nc4 $1 $19 47. Kc2 Ke5) 47. Kc2 $11 Bd4 48. Kb3 Kh4 49. Rh1 (49. Rd2 $11 {remains equal.} Be3 50. Rxb2) 49... Kg3 (49... Nxh3 50. Bg2 $16 (50. Kxb4 Nxg4 51. Nd2 Ngf2 $17)) 50. Rd1 Be3 51. Kxb2 Nxh3 52. Kb3 Nf2 ({Worse is} 52... Nxg4 53. Rd6 $15) 53. Rg1+ Kf4 54. Bd5 {[%emt 0:00:14] [#]} f6 $1 ({And not} 54... Nfxg4 55. Rf1+ Kg3 56. Kxb4 $15) 55. Rg2 Nfd3 ({Weaker is} 55... Nexg4 56. Kxb4 f5 57. Nc3 $15) (55... Nfxg4 $142 {White must now prevent ...Bf2.} 56. Rc2 Nd3 57. Rc4+ Kg3) 56. Nd2 Bxd2 57. Rxd2 Kxg4 58. Bc4 Nxc4 $1 59. Kxc4 Ne5+ (59... Nf4 $1 $15) 60. Kd5 $1 $11 Kg5 61. Rb2 Nd3 62. Rb3 Nf4+ 63. Kd4 Kg4 64. Rxb4 f5 65. Ke5 (65. Ke3 $5 g5 $8 66. Kf2 $11) 65... g5 66. Kf6 Kf3 67. Kxf5 Nd5 68. Rb3+ Ne3+ 69. Kxg5 Ke4 70. Rb4+ Ke5 71. Rb8 Nd5 72. Re8+ Kd4 73. Kf5 Ne3+ 74. Ke6 Ke4 75. Ra8 Kd4 76. Ra1 Nc4 77. Rd1+ Ke4 78. Rh1 Kd4 79. Rh4+ Kc5 80. Rg4 Ne3 81. Rg3 Nc4 82. Rd3 Nb6 83. Rd1 Nc4 84. Rd5+ Kb4 85. Rh5 Kc3 86. Kd5 Ne3+ 87. Ke4 Nc4 88. Rc5 Kb4 89. Kd4 Nd6 90. Kd5 Nb5 91. Rc4+ Kb3 92. Kc5 Na3 93. Rh4 Nc2 94. Rh3+ Kb2 95. Kc4 Na3+ 96. Kd4 Nb5+ 97. Kc4 Na3+ 98. Kd3 Kb3 99. Rh4 Nb5 100. Rg4 Na3 101. Kd4 Nc2+ 102. Kc5 Kc3 103. Rg3+ Kd2 104. Rh3 Ne3 105. Kd4 Nc2+ 106. Ke4 Ne1 107. Rh1 Nc2 108. Rh8 Kc3 109. Rc8+ Kb3 110. Kd3 Nb4+ 111. Kd2 Nd5 112. Rc5 Nb4 113. Rc3+ Ka4 114. Rc5 Kb3 115. Rc1 Nd5 116. Kd3 Nb4+ 117. Kd4 Nc2+ 118. Kc5 Kc3 119. Rh1 Kd3 120. Rh3+ Ne3 1/2-1/2

[Event "1st Bangalore GM-Open-A 2024"]
[Site "Bangalore"]
[Date "2024.01.21"]
[Round "6.10"]
[White "Fawzy, Adham"]
[Black "Aradhya, Garg"]
[Result "0-1"]
[ECO "C89"]
[WhiteElo "2522"]
[BlackElo "2390"]
[Annotator "TA"]
[PlyCount "68"]
[EventDate "2024.01.20"]
[EventType "swiss"]
[EventCountry "IND"]
[SourceTitle "playchess.com"]
[Source "ChessBase"]
[SourceQuality "1"]
[TimeControl "5400+30"]

1. e4 e5 2. Nf3 Nc6 3. Bb5 a6 4. Ba4 Nf6 5. O-O Be7 6. Re1 b5 7. Bb3 O-O 8. c3 d5 9. exd5 Nxd5 10. Nxe5 Nxe5 11. Rxe5 c6 12. d4 Bd6 13. Re1 Qh4 14. g3 Qh3 15. Re4 g5 $1 16. Qf1 ({And not} 16. Bxg5 Qf5 17. Nd2 (17. Bxd5 $2 cxd5 18. Re3 Qxg5 $19) 17... Qxg5 $17) 16... Qh6 (16... Qxf1+ $14 17. Kxf1 h6) 17. Nd2 (17. Re1 $1 $16) 17... f5 $1 $11 18. Re1 {[%emt 0:01:04] The position is equal.} f4 $40 {[%emt 0:00:33][%mdl 128] aiming for ...fxg3. Black has some attack.} 19. Ne4 (19. Qe2 $11) 19... Bh3 $1 $17 {[%emt 0:02:55][%mdl 1024] Black has strong compensation. White is now going downhill.} 20. Qd3 {[%emt 0:06:13] [#]} Rae8 $1 21. Bd2 {[%emt 0:12:33] [#] And now Nxd6 would win.} Bf5 $1 {[%emt 0:06:29] Hoping for ...Kg7.} 22. Bc2 (22. Qf3 $17 Bxe4 {[%mdl 64] Remove Defender} 23. Rxe4 fxg3 {[%mdl 64] Discovered Attack} 24. Rxe8 Qxh2+ 25. Kf1 Rxe8 26. Bxd5+ cxd5 27. Qxd5+ Kh8 28. Qg2) 22... Kh8 {[%emt 0:08:58] ...Nf6 is the strong threat.} 23. c4 $2 (23. Qf1 {is a better chance.} fxg3 24. hxg3 Bxe4 {[%mdl 64] Remove Defender} 25. Rxe4 Bxg3 26. fxg3 Rxf1+ 27. Rxf1 Rxe4 28. Bxe4) 23... Nf6 $19 {[%emt 0:06:57] Black is clearly winning.} 24. f3 (24. Qf3 $142 Bxe4 25. Bxe4 fxg3 26. fxg3 Nxe4 {[%mdl 64] Discovered Attack} 27. Qg2) 24... fxg3 25. Re2 Nxe4 26. fxe4 {[%emt 0:00:53] [#]} Bxe4 $1 27. Qxe4 Rxe4 (27... bxc4 $2 28. Qxe8 $18) 28. Bxe4 Rf2 {[%emt 0:04:14][%mdl 64] Decoy} 29. Rxf2 gxf2+ 30. Kxf2 Qh4+ 31. Kf3 g4+ 32. Ke2 Qxh2+ 33. Kd3 bxc4+ 34. Kc3 Qe2 {[%emt 0:00:33] Beautiful play by Aradhya!   Weighted Error Value: White=1.40/Black=0.12 (very precise)} 0-1

[Event "1st Bangalore GM-Open-A 2024"]
[Site "Bangalore"]
[Date "2024.01.21"]
[Round "6.11"]
[White "Das, Sayantan"]
[Black "Tologon tegin, Semetei"]
[Result "0-1"]
[ECO "B33"]
[WhiteElo "2514"]
[BlackElo "2384"]
[Annotator "TA"]
[PlyCount "72"]
[EventDate "2024.01.20"]
[EventType "swiss"]
[EventCountry "IND"]
[SourceTitle "playchess.com"]
[Source "ChessBase"]
[SourceQuality "1"]
[TimeControl "5400+30"]

1. e4 c5 2. Nf3 Nc6 3. d4 cxd4 4. Nxd4 Qb6 5. Nb3 Nf6 6. Nc3 e6 7. Bd3 a6 8. Be3 Qc7 9. f4 d6 10. Qe2 b5 11. O-O-O Be7 12. g4 {[%emt 0:01:31] White is slightly better.} Nd7 13. g5 Nb6 (13... Nb4 $11) 14. Qf2 $16 Rb8 15. Kb1 b4 16. Ne2 a5 17. h4 a4 18. Nbd4 Nxd4 19. Bxd4 (19. Nxd4 $16 {Hoping for Nb5.} Nc4 20. Bc1) 19... e5 $1 $11 20. Be3 Nc4 21. f5 Ba6 22. Rc1 ({White should try} 22. f6 $14 gxf6 23. gxf6) 22... f6 23. h5 {[%emt 0:04:42][%cal Bh4h5,Bh5h6][%mdl 32] White wants to play h6.} O-O 24. h6 g6 25. gxf6 Rxf6 (25... Bxf6 $14 26. Rhg1 (26. fxg6 hxg6 27. Rcg1 Qf7 $14) 26... Qf7) 26. Qg3 ({Better is} 26. Bg5 $16 Rff8 27. Qg3 (27. f6 b3 $11) 27... Bxg5 28. Qxg5) 26... Kh8 27. Rhg1 Rg8 (27... Nxe3 $11 28. Qxe3 (28. Bxa6 Qc5 $11) 28... Qc5) 28. Qh3 (28. Bg5 $14) 28... Qb7 (28... Nxe3 $15 29. Qxe3 (29. Bxa6 Qa7 $15) 29... Qc5) 29. Bg5 $14 Rff8 {[%emt 0:00:06] [#] Strongly threatening ...Bxg5.} 30. Bxe7 Qxe7 31. Bxc4 (31. Ka1 $14) 31... Bxc4 $15 32. Ng3 {[%emt 0:01:43][%mdl 8192] Now White is beyond hope.} (32. Qf3 $15) 32... Qa7 {[%emt 0:01:39] Threatens to win with ...a3.} 33. Rcd1 (33. Rgf1 $142 Bxf1 34. Qxf1) 33... a3 $19 ({Don't go for} 33... b3 $2 34. Qh2 $19) 34. b3 {[%emt 0:00:15] [#]} Qe3 $1 {[%emt 0:00:09][%cal Oe3c3] ( -> ...Qc3!)} 35. bxc4 (35. fxg6 Rxg6) 35... Qc3 36. Kc1 b3 $1 {[%emt 0:00:07][%mdl 64] Promotion.   Weighted Error Value: White=0.91/Black=0.17 (very precise)} 0-1

[Event "1st Bangalore GM-Open-A 2024"]
[Site "Bangalore"]
[Date "2024.01.21"]
[Round "6.12"]
[White "Thilakarathne, G M H"]
[Black "Shyam, Sundar M."]
[Result "0-1"]
[ECO "C54"]
[WhiteElo "2391"]
[BlackElo "2497"]
[Annotator "RC"]
[PlyCount "102"]
[EventDate "2024.01.20"]
[EventType "swiss"]
[EventCountry "IND"]
[SourceTitle "playchess.com"]
[Source "ChessBase"]
[SourceQuality "1"]
[TimeControl "5400+30"]

1. e4 e5 2. Nf3 Nc6 3. Bc4 Bc5 4. O-O Nf6 5. d3 d6 6. c3 a6 7. a4 O-O 8. Re1 Ba7 9. Nbd2 Ng4 10. Re2 Kh8 11. h3 Nh6 12. Nf1 f5 13. Bg5 Qe8 14. Bxh6 gxh6 15. d4 f4 16. N1h2 Qe7 17. Kf1 Bd7 18. dxe5 dxe5 19. Rd2 Rad8 20. b4 Bc8 21. Raa2 Rd6 22. Ne1 Rfd8 23. Nhf3 a5 24. b5 Nb8 25. Nd3 Nd7 26. Rac2 Qf6 27. Bb3 Re8 28. Qe2 Kg7 29. Nh2 Nc5 30. Nxc5 Bxc5 31. Qh5 Qg6 32. Qf3 Red8 33. Ke2 h5 34. Bc4 b6 35. Bd5 Rxd5 36. exd5 Bf5 37. Kd1 Be4 38. Qe2 Bxc2+ 39. Rxc2 Rxd5+ 40. Kc1 e4 41. Rd2 Ba3+ 42. Kc2 e3+ 43. Rd3 exf2 44. c4 Rxd3 45. Qxd3 Bb4 46. Nf1 Kf6 47. g3 fxg3 48. Nxg3 Ke5 49. c5 bxc5 50. b6 cxb6 51. h4 c4 0-1

[Event "1st Bangalore GM-Open-A 2024"]
[Site "Bangalore"]
[Date "2024.01.21"]
[Round "6.13"]
[White "Aswath, S."]
[Black "Chanda, Sandipan"]
[Result "0-1"]
[ECO "B81"]
[WhiteElo "2369"]
[BlackElo "2486"]
[Annotator "RC"]
[PlyCount "82"]
[EventDate "2024.01.20"]
[EventType "swiss"]
[EventCountry "IND"]
[SourceTitle "playchess.com"]
[Source "ChessBase"]
[SourceQuality "1"]
[TimeControl "5400+30"]

1. e4 c5 2. Nf3 d6 3. d4 cxd4 4. Nxd4 Nf6 5. Nc3 a6 6. h3 e6 7. g4 h6 8. Bg2 Be7 9. Be3 Nc6 10. f4 Nd7 11. O-O O-O 12. Nf3 b5 13. a3 Bb7 14. Qe2 Na5 15. Rae1 Nc4 16. Bc1 Rc8 17. Nd1 Nf6 18. Nf2 d5 19. e5 Ne4 20. Kh2 Qc7 21. Nd3 f6 22. exf6 Rxf6 23. Nd4 Bd6 24. Rf3 g5 25. b3 Nxa3 26. Bb2 gxf4 27. Nc6 Rff8 28. Ncb4 Nc4 29. bxc4 bxc4 30. Rc1 Qb6 31. Qe1 cxd3 32. Nxd3 Ng5 33. Qh4 Kh7 34. Kh1 d4 35. Rcf1 e5 36. Qe1 Nxf3 37. Rxf3 e4 38. Rxf4 Bxf4 39. Bxe4+ Kg8 40. Bxd4 Bxe4+ 41. Qxe4 Qc6 0-1

[Event "1st Bangalore GM-Open-A 2024"]
[Site "Bangalore"]
[Date "2024.01.21"]
[Round "6.14"]
[White "Srihari L R"]
[Black "Jain Kashish Manoj"]
[Result "1-0"]
[ECO "A11"]
[WhiteElo "2469"]
[BlackElo "2334"]
[Annotator "RC"]
[PlyCount "77"]
[EventDate "2024.01.20"]
[EventType "swiss"]
[EventCountry "IND"]
[SourceTitle "playchess.com"]
[Source "ChessBase"]
[SourceQuality "1"]
[TimeControl "5400+30"]

1. c4 Nf6 2. Nf3 c6 3. g3 d5 4. Bg2 Bg4 5. O-O e6 6. Ne5 Bh5 7. cxd5 exd5 8. d4 Nbd7 9. Nc3 Qb6 10. h3 Rd8 11. g4 Bg6 12. Nxg6 hxg6 13. g5 Nh5 14. e4 dxe4 15. Nxe4 Be7 16. d5 Nc5 17. Nc3 O-O 18. Qf3 Bd6 19. dxc6 bxc6 20. Qxc6 Qxc6 21. Bxc6 Nd3 22. Be3 Nxb2 23. Ne4 Ba3 24. Rac1 Nd3 25. Rc3 Bb2 26. Rb3 Be5 27. Bb5 Nhf4 28. Rd1 Nxh3+ 29. Kf1 Ndf4 30. Re1 Bd4 31. Bc1 Rd5 32. Bc6 Re5 33. Bd7 Nxg5 34. Nxg5 Rxg5 35. Bxf4 Rd5 36. Rb7 Bb6 37. Be3 Bxe3 38. Rxe3 Rd8 39. Re8+ 1-0

[Event "1st Bangalore GM-Open-A 2024"]
[Site "Bangalore"]
[Date "2024.01.21"]
[Round "6.15"]
[White "Ayush Sharma"]
[Black "Muthaiah AL"]
[Result "1/2-1/2"]
[ECO "C42"]
[WhiteElo "2378"]
[BlackElo "2464"]
[Annotator "RC"]
[PlyCount "60"]
[EventDate "2024.01.20"]
[EventType "swiss"]
[EventCountry "IND"]
[SourceTitle "playchess.com"]
[Source "ChessBase"]
[SourceQuality "1"]
[TimeControl "5400+30"]

1. e4 e5 2. Nf3 Nf6 3. Nxe5 d6 4. Nf3 Nxe4 5. c4 Be7 6. Nc3 Nxc3 7. dxc3 O-O 8. Be3 Bf5 9. Bd3 Qd7 10. Bxf5 Qxf5 11. Nd4 Qd7 12. Qc2 Nc6 13. Nf5 Rfe8 14. O-O-O Bf8 15. h4 h5 16. Bf4 Ne5 17. Ne3 Ng4 18. g3 Nxe3 19. Bxe3 g6 20. Qb3 b6 21. Qb5 Qxb5 22. cxb5 a6 23. bxa6 Rxa6 24. a3 f5 25. Kc2 Kf7 26. Rhe1 Bg7 27. Bg5 Raa8 28. c4 Rxe1 29. Rxe1 Re8 30. Rxe8 Kxe8 1/2-1/2

[Event "1st Bangalore GM-Open-A 2024"]
[Site "Bangalore"]
[Date "2024.01.21"]
[Round "6.16"]
[White "Stany, G.A."]
[Black "Saravana, Krishnan P."]
[Result "0-1"]
[ECO "C66"]
[WhiteElo "2459"]
[BlackElo "2269"]
[Annotator "RC"]
[PlyCount "112"]
[EventDate "2024.01.20"]
[EventType "swiss"]
[EventCountry "IND"]
[SourceTitle "playchess.com"]
[Source "ChessBase"]
[SourceQuality "1"]
[TimeControl "5400+30"]

1. e4 e5 2. Nf3 Nc6 3. Bb5 Nf6 4. d3 d6 5. O-O g6 6. Re1 Bg7 7. c3 O-O 8. d4 Bd7 9. Ba4 Nh5 10. d5 Ne7 11. Bxd7 Qxd7 12. c4 h6 13. Nc3 f5 14. exf5 Nxf5 15. Be3 Nxe3 16. fxe3 Qf5 17. Nd2 Qf2+ 18. Kh1 e4 19. Ncxe4 Qh4 20. h3 Bxb2 21. Rb1 Be5 22. Qg4 Ng3+ 23. Nxg3 Qxg3 24. Qxg3 Bxg3 25. Rf1 b6 26. Ne4 Be5 27. g4 Rf5 28. Rf2 Rxf2 29. Re1 Rf1+ 30. Rxf1 Re8 31. Re1 Bb2 32. Ng3 Bf6 33. Kg2 Bh4 34. e4 Kg7 35. Re2 Kf6 36. Rf2+ Ke5 37. Rf7 Re7 38. Rxe7+ Bxe7 39. Kf3 Kd4 40. Ne2+ Kxc4 41. Nf4 g5 42. Ne6 b5 43. Nxc7 b4 44. e5 dxe5 45. Ke4 a5 46. Kxe5 a4 47. Ke6 Bf8 48. Ne8 b3 49. d6 Bxd6 50. Nxd6+ Kd3 51. axb3 a3 52. b4 a2 53. b5 a1=Q 54. b6 Qb2 55. b7 Qb6 56. Kd7 Ke2 0-1